PA
IDAHO FALLS CHUKARS @ NEBRASKA PLAINSMEN
08/30/2021
 
TOP OF THE 1ST
Idaho Falls Chukars batting - Pitching for Nebraska Plainsmen : RHP César Hernández
Pitching: RHP César Hernández
Batting: RHB Miguel Luna 0-0: Ball
1-0: Foul Ball, location: 2F
1-1: Called Strike
1-2: DOUBLE (Line Drive, 89M)
Batting: RHB Trent Burch 0-0: Foul Ball, location: 2F
0-1: Ball
Wild Pitch!
Miguel Luna to third
1-1: Swinging Strike
1-2: Ball
2-2: Strikes out looking
Batting: RHB Jung-hwan Kwon 0-0: Ball
1-0: Ball
2-0: Ball
3-0: Called Strike
3-1: Fly out, F7 (Flyball, 78S)
Batting: SHB Felipe Cisneros 0-0: Ball
1-0: Ball
2-0: Swinging Strike
2-1: Foul Ball, location: 2F
2-2: Ball
3-2: Ground out 6-3 (Groundball, 6M)
Top of the 1st over - 0 run(s), 1 hit(s), 0 error(s), 1 left on base; Idaho Falls 0 - Nebraska 0
BOTTOM OF THE 1ST
Nebraska Plainsmen batting - Pitching for Idaho Falls Chukars : RHP Carlos Delgado
Pitching: RHP Carlos Delgado
Batting: RHB Young-hwan Hyon 0-0: Called Strike
0-1: Foul Ball, location: 2F
0-2: Strikes out swinging
Batting: RHB Zong-yuan Fung 0-0: Ball
1-0: Ball
2-0: Ball
3-0: Called Strike
3-1: Called Strike
3-2: Foul Ball, location: 2F
3-2: Base on Balls
Batting: RHB Mike Thompson 0-0: Ball
1-0: Ball
2-0: Fly out, F7 (Flyball, 7LM)
Batting: RHB Luis Aragón 0-0: Ball
1-0: Foul Ball, location: 2F
1-1: Fly out, F7 (Flyball, 78M)
Bottom of the 1st over - 0 run(s), 0 hit(s), 0 error(s), 1 left on base; Idaho Falls 0 - Nebraska 0
TOP OF THE 2ND
Idaho Falls Chukars batting - Pitching for Nebraska Plainsmen : RHP César Hernández
Batting: RHB Adrian Rodgers 0-0: Foul Ball, location: 2F
0-1: Fly out, F8 (Flyball, 8RM)
Batting: LHB Armando Peña 0-0: Foul Ball, location: 2F
0-1: Fly out, F8 (Flyball, 8RM)
Batting: LHB Ramón Félix 0-0: Foul Ball, location: 2F
0-1: Foul Ball, location: 2F
0-2: Ball
1-2: Ground out U3 (Groundball, 3)
Top of the 2nd over - 0 run(s), 0 hit(s), 0 error(s), 0 left on base; Idaho Falls 0 - Nebraska 0
BOTTOM OF THE 2ND
Nebraska Plainsmen batting - Pitching for Idaho Falls Chukars : RHP Carlos Delgado
Batting: RHB Dani Trejo 0-0: Ball
1-0: Ball
2-0: Ground out 5-3 (Groundball, 56)
Batting: SHB Javier Zumaya 0-0: Ball
1-0: SINGLE (Line Drive, 89S)
Batting: LHB Pedro Gutiérrez 0-0: Ball
1-0: Foul Ball, location: 2F
1-1: Ball
2-1: Ball
3-1: Called Strike
3-2: Reached on Error, E8 (Flyball, 8RS)
Javier Zumaya to second
Batting: RHB Jim Unknown 0-0: Ball
1-0: Foul Ball, location: 2F
1-1: Called Strike
1-2: Strikes out swinging
Batting: RHB Bartolo Benítez 0-0: SINGLE (Line Drive, 8LS)
Javier Zumaya to third
Pedro Gutiérrez to second
Runner from 3rd tries for Home, throw and OUT!
Bottom of the 2nd over - 0 run(s), 2 hit(s), 1 error(s), 2 left on base; Idaho Falls 0 - Nebraska 0
TOP OF THE 3RD
Idaho Falls Chukars batting - Pitching for Nebraska Plainsmen : RHP César Hernández
Batting: RHB Carlos López 0-0: Called Strike
0-1: Ball
1-1: Ball
2-1: Swinging Strike
2-2: Ball
3-2: Foul Ball, location: 2F
3-2: Strikes out swinging
Batting: RHB Enrique Martínez 0-0: Ball
1-0: SINGLE (Line Drive, 7LS)
Batting: RHB Miguel Luna 0-0: Called Strike
Enrique Martínez is caught stealing 2nd base
0-1: Ground out 4-3 (Groundball, 13)
Top of the 3rd over - 0 run(s), 1 hit(s), 0 error(s), 0 left on base; Idaho Falls 0 - Nebraska 0
BOTTOM OF THE 3RD
Nebraska Plainsmen batting - Pitching for Idaho Falls Chukars : RHP Carlos Delgado
Batting: RHB Young-hwan Hyon 0-0: Called Strike
0-1: Ball
1-1: Ball
2-1: Called Strike
2-2: SINGLE (Groundball, 34D)
Batting: RHB Zong-yuan Fung 0-0: Foul Ball, location: 2F
0-1: Ball
1-1: Ball
2-1: Ball
3-1: Fly out, F7 (Line Drive, 78M)
Batting: RHB Mike Thompson 0-0: Ball
Young-hwan Hyon is caught stealing 2nd base
1-0: Fly out, F8 (Flyball, 8RM)
Bottom of the 3rd over - 0 run(s), 1 hit(s), 0 error(s), 0 left on base; Idaho Falls 0 - Nebraska 0
TOP OF THE 4TH
Idaho Falls Chukars batting - Pitching for Nebraska Plainsmen : RHP César Hernández
Batting: RHB Trent Burch 0-0: Ball
1-0: Foul Ball, location: 2F
1-1: Fly out, F9 (Flyball, 89M)
Batting: RHB Jung-hwan Kwon 0-0: Foul Ball, location: 2F
0-1: Ball
1-1: Swinging Strike
1-2: Strikes out swinging
Batting: SHB Felipe Cisneros 0-0: Ball
1-0: Called Strike
1-1: Ball
2-1: SINGLE (Groundball, 4M)
Batting: RHB Adrian Rodgers 0-0: Ball
1-0: Ball
2-0: Called Strike
2-1: Ball
3-1: Called Strike
3-2: Strikes out swinging
Top of the 4th over - 0 run(s), 1 hit(s), 0 error(s), 1 left on base; Idaho Falls 0 - Nebraska 0
BOTTOM OF THE 4TH
Nebraska Plainsmen batting - Pitching for Idaho Falls Chukars : RHP Carlos Delgado
Batting: RHB Luis Aragón 0-0: Swinging Strike
0-1: Ball
1-1: Called Strike
1-2: Ground out 5-3 (Groundball, 5)
Batting: RHB Dani Trejo 0-0: Foul Ball, location: 2F
0-1: Fly out, F7 (Flyball, 78M)
Batting: SHB Javier Zumaya 0-0: Ground out 4-3 (Groundball, 4)
Bottom of the 4th over - 0 run(s), 0 hit(s), 0 error(s), 0 left on base; Idaho Falls 0 - Nebraska 0
TOP OF THE 5TH
Idaho Falls Chukars batting - Pitching for Nebraska Plainsmen : RHP César Hernández
Batting: LHB Armando Peña 0-0: Foul Ball, location: 2F
0-1: Ball
1-1: Foul Ball, location: 2F
1-2: Fly out, F6 (Popup, 6)
Batting: LHB Ramón Félix 0-0: Foul Ball, location: 2F
0-1: Swinging Strike
0-2: Fly out, F9 (Flyball, 89M)
Batting: RHB Carlos López 0-0: Ball
1-0: Swinging Strike
1-1: Ground out 5-3 (Groundball, 56)
Top of the 5th over - 0 run(s), 0 hit(s), 0 error(s), 0 left on base; Idaho Falls 0 - Nebraska 0
BOTTOM OF THE 5TH
Nebraska Plainsmen batting - Pitching for Idaho Falls Chukars : RHP Carlos Delgado
Batting: LHB Pedro Gutiérrez 0-0: Called Strike
0-1: Ground out U3 (Groundball, 3)
Batting: RHB Jim Unknown 0-0: Called Strike
0-1: Foul Ball, location: 2F
0-2: Ground out 6-3 (Groundball, 6M)
Batting: RHB Bartolo Benítez 0-0: SINGLE (Groundball, 56D)
Batting: RHB Young-hwan Hyon 0-0: Ball
Wild Pitch!
Bartolo Benítez to second
1-0: Ball
2-0: Foul Ball, location: 2F
2-1: Swinging Strike
2-2: Foul Ball, location: 2F
2-2: Foul Ball, location: 2F
2-2: SINGLE (Groundball, 4M)
Bartolo Benítez to third
Runner from 3rd tries for Home, SAFE, no throw or cutoff
Batting: RHB Zong-yuan Fung 0-0: Ball
1-0: Ball
2-0: Foul Ball, location: 2F
2-1: Ball
3-1: Foul Ball, location: 2F
3-2: Ground out 1-3 (Groundball, 13)
Bottom of the 5th over - 1 run(s), 2 hit(s), 0 error(s), 1 left on base; Idaho Falls 0 - Nebraska 1
TOP OF THE 6TH
Idaho Falls Chukars batting - Pitching for Nebraska Plainsmen : RHP César Hernández
Batting: RHB Enrique Martínez 0-0: Ball
1-0: SINGLE (Line Drive, 8LS)
Batting: RHB Miguel Luna 0-0: Sac Bunt - play at first, batter OUT! 1-4
Enrique Martínez to second
Batting: RHB Trent Burch 0-0: Swinging Strike
0-1: Ball
1-1: Called Strike
1-2: Strikes out swinging
Batting: RHB Jung-hwan Kwon 0-0: Foul Ball, location: 2F
0-1: Fly out, F4 (Line Drive, 4)
Top of the 6th over - 0 run(s), 1 hit(s), 0 error(s), 1 left on base; Idaho Falls 0 - Nebraska 1
BOTTOM OF THE 6TH
Nebraska Plainsmen batting - Pitching for Idaho Falls Chukars : RHP Carlos Delgado
Batting: RHB Mike Thompson 0-0: Ball
1-0: Ground out 5-3 (Groundball, 56)
Batting: RHB Luis Aragón 0-0: Ball
1-0: Ground out 5-3 (Groundball, 56)
Batting: RHB Dani Trejo 0-0: Foul Ball, location: 2F
0-1: Ball
1-1: Ground out 1-3 (Groundball, 25)
Bottom of the 6th over - 0 run(s), 0 hit(s), 0 error(s), 0 left on base; Idaho Falls 0 - Nebraska 1
TOP OF THE 7TH
Idaho Falls Chukars batting - Pitching for Nebraska Plainsmen : RHP César Hernández
Batting: SHB Felipe Cisneros 0-0: Foul Ball, location: 2F
0-1: Swinging Strike
0-2: Ball
1-2: Ball
2-2: Foul Ball, location: 2F
2-2: Fly out, F7 (Flyball, 7S)
Batting: RHB Adrian Rodgers 0-0: Ground out 5-3 (Groundball, 56S)
Batting: LHB Armando Peña 0-0: Ball
1-0: Foul Ball, location: 2F
1-1: Foul Ball, location: 2F
1-2: Strikes out swinging
Top of the 7th over - 0 run(s), 0 hit(s), 0 error(s), 0 left on base; Idaho Falls 0 - Nebraska 1
BOTTOM OF THE 7TH
Nebraska Plainsmen batting - Pitching for Idaho Falls Chukars : RHP Carlos Delgado
Batting: SHB Javier Zumaya 0-0: Ball
1-0: Foul Ball, location: 2F
1-1: Ball
2-1: Foul Ball, location: 2F
2-2: Foul Ball, location: 2F
2-2: Fly out, F5 (Popup, 5L)
Batting: LHB Pedro Gutiérrez 0-0: Called Strike
0-1: Hit by Pitch
Pinch Hitting: RHB Jim Unknown 0-0: Called Strike
0-1: Foul Ball, location: 2F
0-2: Foul Ball, location: 2F
0-2: Ball
1-2: Ball
2-2: Ball
3-2: Fielders Choice at 2nd, 2-6 (Groundball, 2R)
Batting: RHB Bartolo Benítez 0-0: Ball
Jim Unknown is caught stealing 2nd base
Bottom of the 7th over - 0 run(s), 0 hit(s), 0 error(s), 0 left on base; Idaho Falls 0 - Nebraska 1
TOP OF THE 8TH
Idaho Falls Chukars batting - Pitching for Nebraska Plainsmen : RHP César Hernández
Pitching: LHP Jim Unknown
Now in CF: Jim Unknown
Batting: LHB Ramón Félix 0-0: Called Strike
0-1: Swinging Strike
0-2: Strikes out swinging
Batting: RHB Carlos López 0-0: Called Strike
0-1: Called Strike
0-2: Ball
1-2: Foul Ball, location: 2F
1-2: Ball
2-2: Strikes out swinging
Batting: RHB Enrique Martínez 0-0: Called Strike
0-1: Ball
1-1: Swinging Strike
1-2: Ball
2-2: Strikes out swinging
Top of the 8th over - 0 run(s), 0 hit(s), 0 error(s), 0 left on base; Idaho Falls 0 - Nebraska 1
BOTTOM OF THE 8TH
Nebraska Plainsmen batting - Pitching for Idaho Falls Chukars : RHP Carlos Delgado
Batting: RHB Bartolo Benítez 0-0: Ball
1-0: Swinging Strike
1-1: Called Strike
1-2: Foul Ball, location: 2F
1-2: Strikes out swinging
Batting: RHB Young-hwan Hyon 0-0: Called Strike
0-1: Called Strike
0-2: Ball
1-2: Ball
2-2: Foul Ball, location: 2F
2-2: Ball
3-2: Fly out, F9 (Flyball, 9M)
Batting: RHB Zong-yuan Fung 0-0: Ball
1-0: Called Strike
1-1: Foul Ball, location: 2F
1-2: Ball
2-2: Foul Ball, location: 2F
2-2: Strikes out swinging
Bottom of the 8th over - 0 run(s), 0 hit(s), 0 error(s), 0 left on base; Idaho Falls 0 - Nebraska 1
TOP OF THE 9TH
Idaho Falls Chukars batting - Pitching for Nebraska Plainsmen : LHP Jim Unknown
Now at C: Juan Suárez
Now at 3B: Manny Rodríguez
Pinch Hitting: RHB Ramiro Gonzáles 0-0: Called Strike
0-1: Foul Ball, location: 2F
0-2: Ground out 4-3 (Groundball, 4)
Batting: RHB Trent Burch 0-0: Called Strike
0-1: Fly out, F8 (Flyball, 8RM)
Batting: RHB Jung-hwan Kwon 0-0: Called Strike
0-1: Called Strike
0-2: Strikes out swinging
Top of the 9th over - 0 run(s), 0 hit(s), 0 error(s), 0 left on base; Idaho Falls 0 - Nebraska 1
This league is powered by Out of the Park Baseball, the baseball management simulation game for PC, Mac and Linux
Friday, January 22nd, 2016 - OOTP Baseball 16.9 Build 39